 Dungeon Sprint DCSS version 0.31-a0-18-gea43df2a32 (webtiles) character file.

Game seed: 17793432162583609259

11951 bmack86 the Warrior (level 11, -8/121 HPs)
             Began as a Minotaur Berserker on May 10, 2023.
             Was a High Priest of Trog.
             Mangled by a nine-headed hydra (12 damage)
             ... while paralysed by a floating eye
             ... in the Dungeon (Sprint I: "Red Sonja").
             The game lasted 00:14:05 (2057 turns).

bmack86 the Warrior (Minotaur Berserker)            Turns: 2057, Time: 00:14:05

Health: -8/121     AC: 17    Str: 25    XL:     11   Next: 56%
Magic:  8/8        EV:  2    Int:  0    God:    Trog [*****.]
Gold:   384        SH:  0    Dex:  7    Spells: 10/10 levels left

rFire   . . .        y - +5 war axe (flame)
rCold   . . .        (no shield)
rNeg    . . .        p - +0 plate armour {rF+}
rPois   .            (helmet restricted)
rElec   .            q - +0 cloak
rCorr   .            j - +0 pair of gloves {Stlth+}
SInv    .            (no boots)
Will    ++...        (no amulet) Stlth
                     w - ring of Xabbubla {Will+ Stlth+}
HPRegen 0.00/turn    (no ring)
MPRegen 0.11/turn

%: no teleportation, random rage (3%)
@: paralysed, on berserk cooldown, inhibited regen, slowed, lost intelligence,
unable to read, unable to drink
A: horns 2, retaliatory headbutt, hooves 1, berserk 1, clumsy 2, deformed body,
dopey 2, low MP 1, strong-willed 1, inhibited regeneration, heat vulnerability
1, inability to drink after injury 2
a: Renounce Religion, Berserk, Trog's Hand, Brothers in Arms


You were in the Dungeon.
You worshipped Trog.
Trog was extremely pleased with you.
You visited 1 branch You collected 1219 gold pieces.
You spent 835 gold pieces at shops.

Inventory:

Hand Weapons
 a - a +0 hand axe
 s - the +2 war axe "Yneugat" {heavy, rPois rCorr Str+5 Int-4}
   (You found it in the Dungeon)

   Str:       It affects your strength (+5).
   Int:       It affects your intelligence (-4).
   rPois:     It protects you from poison.
   rCorr:     It protects you from acid and corrosion.
 t - a +3 quarterstaff of flaming
 u - a +2 battleaxe
 y - a +5 war axe of flaming (weapon)
Missiles
 o - 3 curare-tipped darts
 r - 3 poisoned darts
Armour
 b - a +0 animal skin
 j - a +0 pair of gloves of stealth (worn)
 k - a +0 leather armour
 p - a +0 plate armour of fire resistance (worn)
 q - a +0 cloak (worn)
Jewellery
 w - the ring of Xabbubla (left hand) {Will+ Stlth+}
   (You bought it in a shop in the Dungeon)

   [ring of willpower]

   Will:      It increases your willpower.
   Stlth:     It makes you more stealthy.
Wands
 i - a wand of flame (3)
 l - a wand of quicksilver (3) (quivered)
Scrolls
 h - a scroll of blinking
 v - 2 scrolls of amnesia {unknown}
 x - a scroll of fog
Potions
 c - 3 potions of curing
 d - 2 potions of heal wounds
 e - a potion of haste
 f - 2 potions of magic
 g - a potion of berserk rage
 m - a potion of lignification
 n - a potion of might


   Skills:
 + Level 18.5 Fighting
 - Level 18.0 Axes
 + Level 9.2 Throwing
 + Level 18.4 Armour
 - Level 2.1 Dodging
 - Level 8.0 Evocations


You had 10 spell levels left.
You didn't know any spells.
Your spell library was empty.

Dungeon Overview and Level Annotations

Branches:
Dungeon (1/1)

Altars:
Cheibriados
Dithmenos
Elyvilon
Fedhas
Gozag
Hepliaklqana
Kikubaaqudgha
Makhleb
Nemelex Xobeh
Okawaru
Qazlal
Ru
Sif Muna
Trog
Uskayaw
Vehumet
Wu Jian
Xom
Yredelemnul
Zin
The Shining One
Jiyva
Lugonu

Shops:
D :*[!(*?=*=(:*?(=?[:[:


Innate Abilities, Weirdness & Mutations

You have a pair of horns on your head.
You reflexively headbutt those who attack you in melee.
You have large cloven feet.
You sometimes lose your temper in combat.
You are very clumsy. (Dex -4)
Armour fits poorly on your strangely shaped body.
You are very dopey. (Int -4)
Your magical capacity is low. (-10% MP)
You are strong-willed. (Will+)
You do not regenerate when monsters are visible.
You are vulnerable to heat. (rF-)
You sometimes lose the ability to drink potions when taking damage.


Message History

The 11-headed hydra completely misses you.
The 11-headed hydra closely misses you. The 11-headed hydra bites you.
The 11-headed hydra bites you but does no damage. x3
The 11-headed hydra barely misses you. The 11-headed hydra closely misses you.
The 11-headed hydra completely misses you.
Found 27 gold pieces.
You slice one of the 11-headed hydra's heads off!
The flame cauterises the wound!
You slash the ten-headed hydra! You burn the ten-headed hydra.
You kick the ten-headed hydra.
The ten-headed hydra is severely wounded.
The floating eye's stare focuses on you.
The ten-headed hydra bites you.
The ten-headed hydra bites you but does no damage.
The ten-headed hydra bites you. x3
The ten-headed hydra bites you but does no damage. x2
The ten-headed hydra barely misses you. x2; The ten-headed hydra bites you.
You lop one of the ten-headed hydra's heads off!
The flame cauterises the wound!
You hit the nine-headed hydra. You burn the nine-headed hydra.
Your kick misses the nine-headed hydra. You headbutt the nine-headed hydra!
The nine-headed hydra is almost dead.
The nine-headed hydra bites you.
* * * LOW HITPOINT WARNING * * *
The nine-headed hydra bites you!
* * * LOW HITPOINT WARNING * * *
The nine-headed hydra bites you!
* * * LOW HITPOINT WARNING * * *
The nine-headed hydra bites you.
* * * LOW HITPOINT WARNING * * *
The nine-headed hydra bites you but does no damage.
The nine-headed hydra bites you!
* * * LOW HITPOINT WARNING * * *
The nine-headed hydra bites you but does no damage.
The nine-headed hydra completely misses you.
The nine-headed hydra barely misses you.
The floating eye gazes piercingly through you!
You suddenly lose the ability to move!
The nine-headed hydra bites you but does no damage. x3
The nine-headed hydra bites you!
You die...

#####################************
).#:)#.§†)†§§§§§@DG$#,,+,,,,*,,,,
..##§#.####.§§§§##$.+,,*,,,,**,,,
..§§§#§#,*##.§§##**##*+*,,,,,****
###§§§.#+*,###+#,,,**,,*,,,,,*,,,
.##+####,,,*,*,**,,,*,,**,,,,*,∩,
.#,,,,,*,,,***,,***,*,,~***+**,,,
.#,,,,,+,,,,,**,*,*,*,,~,,*,****+
'###,,,*,,,,,*,,***,*,,~,**+*,,,,
.'.#,,,***++**,**,,,*,,~**,,,,,,,


You could see a nine-headed hydra and a floating eye.

Vanquished Creatures
  2 centaur warriors (D)
  Sonja (D)
  A deep troll (D)
  A lindwurm (D)
  An oklob plant (D)
  4 shining eyes (D)
  A demonic crawler (D)
  2 kobold demonologists (D)
  A hornet (D)
  A slime creature (D)
  Sigmund (D)
  A yak (D)
  11 hogs (D)
  2 redbacks (D)
  5 floating eyes (D)
  An ogre (D)
  2 necrophages (D)
  A jelly (D)
  Ijyb (D)
40 creatures vanquished.

Vanquished Creatures (collateral kills)
  4 shining eyes (D)
  3 demonic crawlers (D)
  2 hogs (D)
  A floating eye (D)
  5 necrophages (D)
  7 jellies (D)
22 creatures vanquished.

Vanquished Creatures (others)
  2 ballistomycete spores (D)
2 creatures vanquished.

Grand Total: 64 creatures vanquished

Notes
Turn   | Place    | Note
-------+----------+-------------------------------------------
     0 | D        | bmack86 the Minotaur Berserker began the quest for the Orb.
     0 | D        | Reached XP level 1. HP: 19/19 MP: 0/0
     2 | D        | Noticed Ijyb
     7 | D        | Killed Ijyb
     8 | D        | Reached skill level 5 in Fighting
     8 | D        | Reached skill level 5 in Axes
     8 | D        | Reached XP level 2. HP: 29/29 MP: 1/1
    38 | D        | Noticed an ogre
    41 | D        | Killed an ogre
    42 | D        | Reached XP level 3. HP: 30/38 MP: 2/2
    42 | D        | Reached XP level 4. HP: 35/45 MP: 3/3
   105 | D        | Noticed Sigmund
   113 | D        | Killed Sigmund
   113 | D        | Reached ** piety under Trog
   114 | D        | Reached XP level 5. HP: 56/56 MP: 4/4
   114 | D        | Reached XP level 6. HP: 62/62 MP: 5/5
   152 | D        | Found a burning altar of Makhleb.
   152 | D        | Found a viscous altar of Jiyva.
   152 | D        | Found a shimmering altar of Xom.
   152 | D        | Found a corrupted altar of Lugonu.
   152 | D        | Noticed a slime creature
   160 | D        | Killed a slime creature
   161 | D        | Reached skill level 5 in Evocations
   205 | D        | Found an ornate altar of the Wu Jian Council.
   205 | D        | Found a shimmering blue altar of Sif Muna.
   207 | D        | Found a radiant altar of Vehumet.
   316 | D        | Found Suubed's Distillery.
   316 | D        | Found an ancient bone altar of Kikubaaqudgha.
   316 | D        | Found a hazy altar of Hepliaklqana.
   316 | D        | Found a stormy altar of Qazlal.
   316 | D        | Found a hide-covered altar of Uskayaw.
   316 | D        | Found a blossoming altar of Fedhas.
   316 | D        | Found a bloodstained altar of Trog.
   316 | D        | Found an iron altar of Okawaru.
   316 | D        | Found a basalt altar of Yredelemnul.
   316 | D        | Found a glowing golden altar of the Shining One.
   316 | D        | Found a snail-covered altar of Cheibriados.
   316 | D        | Found a sacrificial altar of Ru.
   316 | D        | Found a glowing silver altar of Zin.
   316 | D        | Found a shadowy altar of Dithmenos.
   316 | D        | Found a white marble altar of Elyvilon.
   316 | D        | Noticed a yak
   317 | D        | Found an opulent altar of Gozag.
   319 | D        | Killed a yak
   320 | D        | Reached skill level 10 in Fighting
   320 | D        | Reached skill level 10 in Axes
   320 | D        | Reached XP level 7. HP: 72/72 MP: 6/6
   320 | D        | Found a sparkling altar of Nemelex Xobeh.
   324 | D        | Bought a potion of heal wounds for 65 gold pieces
   324 | D        | Bought a potion of might for 52 gold pieces
   324 | D        | Bought a potion of mutation for 104 gold pieces
   324 | D        | Gained mutation: You are strong-willed. (Will+) [potion of
                  | mutation]
   324 | D        | Gained mutation: You do not regenerate when monsters are
                  | visible. [potion of mutation]
   364 | D        | Noticed a kobold demonologist
   364 | D        | Noticed a kobold demonologist
   366 | D        | Reached *** piety under Trog
   367 | D        | Reached skill level 10 in Armour
   367 | D        | Noticed a rust devil
   369 | D        | Noticed a smoke demon
   379 | D        | Noticed an ice devil
   380 | D        | Killed a kobold demonologist
   381 | D        | Killed a kobold demonologist
   381 | D        | Reached **** piety under Trog
   382 | D        | Reached XP level 8. HP: 8/83 MP: 7/7
   641 | D        | Noticed Sonja
   642 | D        | Killed Sonja
   663 | D        | Found Rurebuv's Book Boutique.
   685 | D        | Noticed a deep troll
   694 | D        | Killed a deep troll
   695 | D        | Reached XP level 9. HP: 62/93 MP: 8/8
   740 | D        | Found Boegosea's Armour Emporium.
   744 | D        | Bought a +0 plate armour of fire resistance for 300 gold
                  | pieces
   754 | D        | Bought a +0 cloak for 45 gold pieces
   844 | D        | Noticed a centaur warrior
   846 | D        | Noticed a centaur warrior
   848 | D        | Killed a centaur warrior
   852 | D        | Killed a centaur warrior
   859 | D        | Identified the +2 war axe "Yneugat" {heavy, rPois rCorr
                  | Str+5 Int-4}
   865 | D        | Lost intelligence.
  1195 | D        | Reached skill level 15 in Fighting
  1195 | D        | Reached skill level 15 in Axes
  1228 | D        | Noticed an oklob plant
  1232 | D        | Killed an oklob plant
  1233 | D        | Reached skill level 15 in Armour
  1233 | D        | Reached XP level 10. HP: 106/106 MP: 9/9
  1387 | D        | Bought a +0 pair of gloves of stealth for 115 gold pieces
  1430 | D        | Reached ***** piety under Trog
  1431 | D        | Reached skill level 1 in Throwing
  1571 | D        | Received a gift from Trog
  1593 | D        | Received a gift from Trog
  1612 | D        | Identified the +5 quarterstaff "Minotaur's Regret" {freeze,
                  | *Corrode +Blink rElec rN+++}
  1625 | D        | Found Exatud's Jewellery Shoppe.
  1625 | D        | Found Leiggylo's Magic Scroll Shop.
  1625 | D        | Found Xobrasto's General Store.
  1627 | D        | Found Jiurot's Jewellery Emporium.
  1627 | D        | Found Cucaosu's Weapon Shop.
  1627 | D        | Found Jissol's Book Shoppe.
  1627 | D        | Found Fakeabaw's Assorted Antiques.
  1627 | D        | Found Gayp's Magic Scroll Emporium.
  1627 | D        | Found Liojuygg's Antique Weapon Shop.
  1627 | D        | Found Witwofu's Jewellery Shoppe.
  1631 | D        | Found Udorekko's Magic Scroll Boutique.
  1632 | D        | Found Zeipig's Book Emporium.
  1632 | D        | Found Kirrakk's Armour Boutique.
  1633 | D        | Found Puiroiwn's Book Emporium.
  1650 | D        | Bought 2 scrolls labelled LINEUR ANED for 44 gold pieces
  1650 | D        | Bought a glittering bone ring for 110 gold pieces
  1650 | D        | Identified the ring of Xabbubla {Will+ Stlth+} (You bought
                  | it in a shop in the Dungeon)
  1724 | D        | Noticed a shining eye
  1724 | D        | Noticed a shining eye
  1724 | D        | Noticed a shining eye
  1724 | D        | Noticed a shining eye
  1724 | D        | Noticed a shining eye
  1724 | D        | Noticed a shining eye
  1724 | D        | Gained mutation: Armour fits poorly on your strangely
                  | shaped body. [a shining eye]
  1724 | D        | Gained mutation: Your magical capacity is low. (-10% MP) [a
                  | shining eye]
  1725 | D        | Reached ****** piety under Trog
  1725 | D        | Gained mutation: You are vulnerable to heat. (rF-) [a
                  | shining eye]
  1726 | D        | Paralysed by a floating eye for 4 turns
  1727 | D        | Gained mutation: You sometimes lose your temper in combat.
                  | [a shining eye]
  1727 | D        | Gained mutation: You have hidden genetic defects. [a
                  | shining eye]
  1731 | D        | Killed a shining eye
  1733 | D        | Gained mutation: You are dopey. (Int -2) [a shining eye]
  1733 | D        | Gained mutation: You are clumsy. (Dex -2) [a shining eye]
  1733 | D        | Gained mutation: You have large cloven feet. [a shining
                  | eye]
  1734 | D        | Killed a shining eye
  1734 | D        | Killed a shining eye
  1735 | D        | Reached skill level 5 in Throwing
  1735 | D        | Killed a shining eye
  1735 | D        | Received a gift from Trog
  1737 | D        | Killed a shining eye
  1739 | D        | Killed a shining eye
  1740 | D        | Reached XP level 11. HP: 117/117 MP: 8/8
  1740 | D        | Noticed a shining eye
  1740 | D        | Noticed a shining eye
  1740 | D        | Gained mutation: You occasionally lose the ability to drink
                  | potions when taking damage. [a shining eye]
  1746 | D        | Gained mutation: You are very clumsy. (Dex -4) [a shining
                  | eye]
  1746 | D        | Killed a shining eye
  1746 | D        | Lost intelligence.
  1746 | D        | Gained mutation: You are very dopey. (Int -4) [hidden
                  | defects]
  1750 | D        | Killed a shining eye
  1755 | D        | Found Erutala's Antique Weapon Shop.
  1755 | D        | Found Extuogat's General Store.
  1755 | D        | Found Ciongo Bemu's General Store.
  1755 | D        | Found Busas's Antique Armour Emporium.
  1869 | D        | Gained mutation: You sometimes lose the ability to drink
                  | potions when taking damage. [hidden defects]
  1869 | D        | Lost mutation: You have hidden genetic defects. [hidden
                  | defects expressed]
  1876 | D        | Noticed a lindwurm
  1967 | D        | Killed a lindwurm
  2023 | D        | Received a gift from Trog
  2037 | D        | Received a gift from Trog
  2052 | D        | Noticed a 12-headed hydra
  2056 | D        | HP: 4/121 [nine-headed hydra (8)]
  2056 | D        | Paralysed by a floating eye for 3 turns
  2057 | D        | Mangled by a nine-headed hydra

Illustrated notes

Levels and vault maps discovered:
D:        dungeon_sprint_1 [red_sonja_temple_1, red_sonja_temple_small_1]

Skill      XL: |  1  2  3  4  5  6  7  8  9 10 11 |
---------------+----------------------------------+-----
Fighting       | 5 6 8 10 11 13 15 17 18 | 18.5
Axes           | 5 6 8 10 11 13 15 17 18 | 18.0
Armour         | 4 6 8 9 11 13 15 17 18 | 18.4
Evocations     | 2 4 6 7 8 |  8.0
Throwing       | 6 9 |  9.2
Dodging        | |  2.1

Action                     |  1- 3 |  4- 6 |  7- 9 | 10-12 || total
---------------------------+-------+-------+-------+-------++-------
  Melee: Hand axe          |     5 |    18 |    24 |    16 ||    63
         Headbutt          |     3 |     5 |     5 |    23 ||    36
         War axe           |       |       |     4 |     4 ||     8
         Punch             |       |       |     1 |     1 ||     2
         Battleaxe         |       |       |       |    41 ||    41
         Kick              |       |       |       |    21 ||    21
 Invoke: Berserk           |     2 |     4 |     5 |     5 ||    16
         Brothers in Arms  |       |       |       |     5 ||     5
  Evoke: Wand              |       |       |     5 |       ||     5
    Use: Potion            |       |       |     1 |       ||     1
         Scroll            |       |       |       |     6 ||     6
 Armour: Plate armour      |       |       |     5 |    58 ||    63
  Dodge: Dodged            |     2 |     6 |    24 |    33 ||    65

Table legend: (Time is in decaauts)
 A = Elapsed time spent in this place.
 B = Non-inter-level travel time spent in this place.
 C = Inter-level travel time spent in this place.
 D = Time resting spent in this place.
 E = Time spent auto-exploring this place.
 F = Levels seen in this place.
 G = Mean time per level.
                   A        B        C        D        E       F      G
               +--------+--------+--------+--------+--------+-----+--------+
         Total |   2456 |   2456 |      0 |   1414 |      0 |   1 | 2456.0 |
       Dungeon |   2456 |   2456 |      0 |   1414 |      0 |   1 | 2456.0 |
               +--------+--------+--------+--------+--------+-----+--------+

Top non-repeatable levels by time:
       D: 2456 daAuts
